 Dungeon Crawl Stone Soup version 0.31-a0-1522-g43313d8a59 (webtiles) character file.

Game seed: 5905757838064183163

456 pokeman the Magician (level 6, 0/34 HPs)
             Began as a Deep Elf Hedge Wizard on Dec 30, 2023.
             Was an Initiate of Vehumet.
             Slain by an iguana (12 damage)
             ... on level 5 of the Dungeon.
             The game lasted 00:08:16 (4638 turns).

pokeman the Magician (Deep Elf Hedge Wizard)        Turns: 4638, Time: 00:08:17

Health: 0/34       AC:  6    Str:  7    XL:     6   Next: 77%
Magic:  8/18       EV: 12    Int: 21    God:    Vehumet [......]
Gold:   186        SH:  0    Dex: 14    Spells: 7/19 levels left

rFire   . . .        a - +0 dagger
rCold   + . .        (no shield)
rNeg    . . .        u - +3 leather armour {rC+}
rPois   .            c - +0 hat
rElec   .            (no cloak)
rCorr   .            (no gloves)
SInv    +            (no boots)
Will    .....        (no amulet)
Stlth   ++           p - ring of see invisible
HPRegen 0.25/turn    (no ring)
MPRegen 0.16/turn

%: no passive effects
@: no status effects
A: no striking features
a: Renounce Religion


You were on level 5 of the Dungeon.
You worshipped Vehumet.
Vehumet was noncommittal.
You visited 2 branches of the dungeon, and saw 6 of its levels.

You collected 186 gold pieces.

Inventory:

Hand Weapons
 a - a +0 dagger (weapon)
Armour
 c - a +0 hat (worn)
 u - a +3 leather armour of cold resistance (worn)
Jewellery
 p - a ring of see invisible (left hand)
Wands
 t - a wand of polymorph (7)
Scrolls
 b - a scroll of noise {unknown}
 e - 3 scrolls of enchant weapon {unknown}
 g - 2 scrolls of enchant armour {unknown}
 k - 3 scrolls of identify {unknown}
 n - a scroll of blinking {unknown}
 q - a scroll of fog {unknown}
 r - a scroll of poison {unknown}
 s - 3 scrolls of summoning {unknown}
Potions
 d - a potion of magic
 f - a potion of haste {unknown}
 h - 2 potions of attraction {unknown}
 i - 3 potions of heal wounds {unknown}
 j - 2 potions of might {unknown}
 l - a potion of enlightenment {unknown}
 m - 3 potions of curing {unknown}
 o - 3 potions of mutation {unknown}


   Skills:
 + Level 1.1 Fighting
 - Level 1.0 Armour
 - Level 3.0 Dodging
 - Level 3.1 Stealth
 * Level 7.3 Spellcasting
 + Level 3.4 Conjurations
 - Level 1.1 Summonings
 - Level 1.1 Translocations
 + Level 1.0 Fire Magic
 - Level 1.2 Air Magic
 - Level 2.0 Alchemy
 - Level 1.0 Evocations


You had 7 spell levels left.
You knew the following spells:

 Your Spells              Type           Power      Damage    Failure   Level
a - Magic Dart            Conj           88%        1d7       3%          1
b - Mephitic Cloud        Conj/Alch/Air  16%        N/A       16%         3
c - Call Imp              Summ           24%        N/A       12%         2
d - Blink                 Tloc           24%        N/A       12%         2
e - Flame Wave            Conj/Fire      17%        2d7       45%         4

Your spell library contained the following spells:

 Spells                   Type           Power      Damage    Failure   Level
 Cigotuvi's Dreadful Rot  Necr/Alch/Air  24%        N/A       12%         2
 Slow                     Hex            28%        N/A       13%         1
 Inner Flame              Hex/Fire       9%         N/A       30%         3
 Sticky Flame             Fire/Alch      14%        2d5       54%         4


Dungeon Overview and Level Annotations

Branches:
Dungeon (5/15)             Temple (1/1) D:4

Altars:
Ashenzari
Cheibriados
Dithmenos
Elyvilon
Fedhas
Gozag
Kikubaaqudgha
Makhleb
Nemelex Xobeh
Sif Muna
Trog
Vehumet
Yredelemnul
Zin


Message History

Confirm with . or Enter, or press ? or * to list all spells.
Aiming: Magic Dart (safe; 3% risk of failure)
Press: ? - help, Shift-Dir - straight line, f/p - iguana
Aim: an iguana (severely wounded, 100% to hit)
The magic dart hits the iguana.
The iguana is almost dead.
The iguana barely misses you.
Casting: Magic Dart (safe; 3% risk of failure)
Confirm with . or Enter, or press ? or * to list all spells.
Aiming: Magic Dart (safe; 3% risk of failure)
Press: ? - help, Shift-Dir - straight line, f/p - iguana
Aim: an iguana (almost dead, 100% to hit)
The magic dart hits the iguana but does no damage.
The iguana is almost dead.
The iguana bites you but does no damage.
Casting: Magic Dart (safe; 3% risk of failure)
Confirm with . or Enter, or press ? or * to list all spells.
Aiming: Magic Dart (safe; 3% risk of failure)
Press: ? - help, Shift-Dir - straight line, f/p - iguana
Aim: an iguana (almost dead, 100% to hit)
The magic dart hits the iguana.
The iguana is almost dead.
The iguana bites you!
Casting: Magic Dart (safe; 3% risk of failure)
Confirm with . or Enter, or press ? or * to list all spells.
Aiming: Magic Dart (safe; 3% risk of failure)
Press: ? - help, Shift-Dir - straight line, f/p - iguana
Aim: an iguana (almost dead, 100% to hit)
The magic dart hits the iguana but does no damage.
The iguana is almost dead.
The iguana bites you but does no damage.
Casting: Magic Dart (safe; 3% risk of failure)
Confirm with . or Enter, or press ? or * to list all spells.
Aiming: Magic Dart (safe; 3% risk of failure)
Press: ? - help, Shift-Dir - straight line, f/p - iguana
Aim: an iguana (almost dead, 100% to hit)
The magic dart hits the iguana but does no damage.
The iguana is almost dead.
The iguana bites you!
You die...

## ##### ## #. ...## ..
# #. ...# .# #.# #.
###..# .#####.##### #.
#....##.##........#
##.##.#..##.##..#..##.#
#...<(....#........##l#
#.........@l....##....#
#.#...#...#####.####..#
#.#.#.##### #.####..#
##.#.#.## ######.Y.l...#
#.......###...<.#####.##
#.....................#
#.##.##.###.....#####.#
#. #.##.# #.<...# #.# #
#.##.##......# ..#


You could see an iguana.

Vanquished Creatures
  A phantom (D:4)
  A bombardier beetle (D:4)
  A hound (D:5)
  An orc priest (D:4)
  A jelly (D:4)
  Natasha (thrice) (D:4)
  Ijyb (D:4)
  A mummy (D:4)
  A gnoll (D:1)
  8 adders
  3 dart slugs
  2 ribbon worms
  3 orcs (D:4)
  6 endoplasms
  A giant cockroach (D:4)
  4 goblins
  5 hobgoblins
  4 quokkas
  7 ball pythons
  5 bats
  5 frilled lizards
  4 kobolds
  3 rats
71 creatures vanquished.

Notes
Turn   | Place    | Note
-------+----------+-------------------------------------------
     0 | D:1      | pokeman the Deep Elf Hedge Wizard began the quest for the
                  | Orb.
     0 | D:1      | Reached XP level 1. HP: 10/10 MP: 7/7
   199 | D:1      | Reached XP level 2. HP: 16/16 MP: 9/9
   692 | D:1      | Reached skill level 5 in Spellcasting
   850 | D:1      | Reached XP level 3. HP: 13/20 MP: 2/11
   856 | D:1      | Learned a level 3 spell: Mephitic Cloud
   859 | D:1      | Learned a level 2 spell: Call Imp
   862 | D:1      | Learned a level 2 spell: Blink
  1178 | D:1      | Reached skill level 1 in Fighting
  1434 | D:2      | Reached skill level 1 in Armour
  1546 | D:2      | HP: 1/20 [poisoned by an adder]
  1749 | D:2      | Reached XP level 4. HP: 25/25 MP: 11/13
  2521 | D:3      | Found a glowing silver altar of Zin.
  2871 | D:3      | You fall into a shaft and drop 2 floors!
  2871 | D:5      | Entered Level 5 of the Dungeon
  3024 | D:4      | Noticed Natasha
  3031 | D:4      | Killed Natasha
  3032 | D:4      | Reached skill level 6 in Spellcasting
  3032 | D:4      | Reached XP level 5. HP: 29/29 MP: 5/15
  3172 | D:4      | Noticed Ijyb
  3211 | D:4      | Killed Ijyb
  3261 | D:4      | Noticed a phantom
  3268 | D:4      | Found a bloodstained altar of Trog.
  3276 | D:4      | Killed a phantom
  3277 | D:4      | Reached skill level 1 in Air Magic
  3277 | D:4      | Reached skill level 1 in Alchemy
  3414 | D:4      | Reached XP level 6. HP: 34/34 MP: 14/17
  3716 | D:4      | Found a staircase to the Ecumenical Temple.
  3723 | Temple   | Entered the Ecumenical Temple
  3733 | Temple   | Became a worshipper of Vehumet
  3776 | D:4      | Learned a level 4 spell: Flame Wave
  3905 | D:4      | Found a snail-covered altar of Cheibriados.
  3920 | D:4      | Reached skill level 7 in Spellcasting
  4043 | D:4      | Reached skill level 1 in Evocations
  4059 | D:4      | Noticed Natasha
  4065 | D:4      | Killed Natasha
  4290 | D:4      | Noticed Natasha
  4296 | D:4      | Killed Natasha
  4310 | D:5      | Noticed an ice beast
  4370 | D:5      | Reached skill level 1 in Fire Magic
  4638 | D:5      | Slain by an iguana

Illustrated notes

Levels and vault maps discovered:
D:1:      lightli_arrival_noodles, layout_loops_corners, minmay_tromino_v4_a
D:2:      layout_loops_ring
D:3:      layout_loops_ring, mainiacjoe_overflow_small_starburst,
          minmay_misc_feat_doors
D:4:      layout_gridville, mainiacjoe_overflow_alcove_4, chei_slow_surprise,
          minmay_temple_entry_steel_oval, minivault_25, uniq_natasha, uniq_ijyb
D:5:      layout_loops_cross, lemuel_tele_altar, uniq_eustachio
Temple:   nicolae_temple_bog_church

Skill      XL: |  1  2  3  4  5  6 |
---------------+-------------------+-----
Spellcasting   | 5 6 7 |  7.3
Fighting       | 1 |  1.1
Armour         | 1 |  1.0
Conjurations   | 2 3 |  3.4
Dodging        | 3 |  3.0
Stealth        | 3 |  3.1
Air Magic      | 1 |  1.2
Alchemy        | 1 2 |  2.0
Evocations     | 1 |  1.0
Fire Magic     | 1 |  1.0
Summonings     | |  1.1
Translocations | |  1.1

Action                     |  1- 3 |  4- 6 || total
---------------------------+-------+-------++-------
  Melee: Dagger            |    15 |    26 ||    41
   Cast: Magic Dart        |    88 |   137 ||   225
         Mephitic Cloud    |       |     8 ||     8
         Call Imp          |       |     2 ||     2
         Flame Wave        |       |     1 ||     1
   Stab: Confused          |       |     2 ||     2
 Armour: Robe              |    14 |    10 ||    24
         Leather armour    |       |    19 ||    19
  Dodge: Dodged            |    18 |    30 ||    48

Table legend: (Time is in decaauts)
 A = Elapsed time spent in this place.
 B = Non-inter-level travel time spent in this place.
 C = Inter-level travel time spent in this place.
 D = Time resting spent in this place.
 E = Time spent auto-exploring this place.
 F = Levels seen in this place.
 G = Mean time per level.
                   A        B        C        D        E       F      G
               +--------+--------+--------+--------+--------+-----+--------+
         Total |   4639 |   4333 |    306 |    203 |   3494 |   6 |  773.2 |
       Dungeon |   4619 |   4331 |    288 |    203 |   3494 |   5 |  923.8 |
        Temple |     20 |      2 |     18 |      0 |      0 |   1 |   20.0 |
               +--------+--------+--------+--------+--------+-----+--------+

Top non-repeatable levels by time:
     D:4: 1587 daAuts
     D:1: 1398 daAuts
     D:2: 788 daAuts
     D:3: 702 daAuts
     D:5: 141 daAuts
  Temple: 20 daAuts
